General information
- name: BNet
- type: Ladder team game (AT/RT)
- host: Battle.net
- saver:
map: GolemsInTheMist
- players: 8
- length: 12:21
- speed: Fast
- version: 1.26 W3XP
- replay type: Public
» download(59 KB)
Players
team 1 (winner)
HarrisonFord (
blue | 43 APM | 536 actions | 12:21)
4 Dreadlord
2 Vampiric Aura
2 Sleep
» actions
| Assign group hotkey | 17 | |
| Basic commands | 53 | |
| Build / train | 48 | |
| ESC pressed | 2 | |
| Enter build submenu | 17 | |
| Enter hero's abilities submenu | 4 | |
| Right click | 127 | |
| Select / deselect | 189 | |
| Select group hotkey | 50 | |
| Use ability | 29 | |
536 total
» units
» upgrades
| Unholy Strength | 2 | |
| Unholy Armor | 1 | |
| Cannibalize | 1 | |
4 total
» buildings
| Ziggurat | 6 | |
| Crypt | 3 | |
| Altar of Darkness | 1 | |
| Tomb of Relics | 1 | |
| Graveyard | 2 | |
| Nerubian Tower | 2 | |
| Spirit Tower | 1 | |
| Halls of the Dead | 1 | |
| Black Citadel | 1 | |
18 total
» build order
00:13 Ziggurat
00:27 Crypt
00:43 Altar of Darkness
01:04 Ziggurat
01:42 Ziggurat
02:18 Tomb of Relics
02:45 Graveyard
05:03 Crypt
06:03 Ziggurat
06:19 Ziggurat
06:59 Nerubian Tower
07:48 Spirit Tower
08:27 Ziggurat
09:01 Graveyard
09:12 Crypt
09:32 Halls of the Dead
09:43 Nerubian Tower
11:58 Black Citadel
» items
| Sacrificial Skull | 2 | |
| Rod of Necromancy | 1 | |
3 total

»
Jalopnik (
pink | 44 APM | 542 actions | 12:21)
3 Demon Hunter
2 Immolation
1 Evasion
» actions
| Assign group hotkey | 2 | |
| Basic commands | 30 | |
| Build / train | 30 | |
| Enter build submenu | 14 | |
| Enter hero's abilities submenu | 3 | |
| Right click | 238 | |
| Select / deselect | 193 | |
| Use ability | 32 | |
542 total
» units
» upgrades
» buildings
| Altar of Elders | 1 | |
| Moon Well | 3 | |
| Ancient of Wonders | 1 | |
| Ancient of War | 5 | |
| Hunter's Hall | 1 | |
| Tree of Ages | 1 | |
| Tree of Eternity | 1 | |
13 total
» build order
00:41 Altar of Elders
00:47 Moon Well
01:30 Ancient of Wonders
01:34 Ancient of War
01:47 Ancient of War
02:26 Moon Well
03:24 Ancient of War
04:26 Ancient of War
06:20 Ancient of War
06:59 Hunter's Hall
07:22 Tree of Ages
08:27 Moon Well
10:48 Tree of Eternity
DaShopKeeper (
teal | 26 APM | 324 actions | 12:21)
1 Blood Mage
1 Flame Strike
» actions
| Assign group hotkey | 1 | |
| Basic commands | 1 | |
| Build / train | 28 | |
| Enter build submenu | 31 | |
| Enter hero's abilities submenu | 1 | |
| Right click | 82 | |
| Select / deselect | 98 | |
| Select group hotkey | 43 | |
| Use ability | 39 | |
324 total
» units
» upgrades
» buildings
| Altar of Kings | 1 | |
| Arcane Vault | 1 | |
| Farm | 3 | |
| Lumber Mill | 1 | |
| Scout Tower | 25 | |
| Guard Tower | 12 | |
| Arcane Tower | 2 | |
| Keep | 1 | |
| Town Hall | 1 | |
47 total
» build order
00:13 Altar of Kings
00:24 Arcane Vault
01:51 Farm
02:19 Lumber Mill
03:09 Scout Tower
03:11 Scout Tower
03:20 Scout Tower
03:22 Scout Tower
03:23 Scout Tower
03:25 Scout Tower
03:53 Guard Tower
04:16 Arcane Tower
04:19 Arcane Tower
04:25 Guard Tower
04:45 Guard Tower
05:58 Scout Tower
05:59 Scout Tower
06:00 Scout Tower
06:32 Guard Tower
06:38 Scout Tower
06:39 Scout Tower
06:39 Scout Tower
07:08 Guard Tower
07:28 Scout Tower
07:29 Scout Tower
07:30 Scout Tower
08:03 Guard Tower
08:12 Farm
08:13 Farm
09:00 Guard Tower
09:03 Scout Tower
09:04 Scout Tower
09:05 Scout Tower
09:14 Keep
09:32 Guard Tower
09:35 Scout Tower
09:36 Scout Tower
09:40 Scout Tower
10:05 Guard Tower
10:09 Guard Tower
10:30 Scout Tower
10:31 Scout Tower
11:04 Guard Tower
11:09 Scout Tower
11:10 Scout Tower
11:41 Guard Tower
11:45 Town Hall
» items
| Scroll of Regeneration | 1 | |
| Lesser Clarity Potion | 1 | |
2 total

»
TheRatedR (
purple | 14 APM | 169 actions | 12:21)
2 Blademaster
1 Mirror Image
1 Wind Walk
» actions
| Basic commands | 13 | |
| Build / train | 35 | |
| Enter build submenu | 8 | |
| Enter hero's abilities submenu | 2 | |
| Right click | 31 | |
| Select / deselect | 65 | |
| Use ability | 15 | |
169 total
» units
| Peon | 10 | |
| Troll Headhunter/Berserker | 16 | |
26 total
» upgrades
| Troll Regeneration | 1 | |
| Ranged Weapons | 2 | |
| Armor | 1 | |
4 total
» buildings
| Barracks | 2 | |
| Altar of Storms | 1 | |
| Orc Burrow | 7 | |
| War Mill | 1 | |
| Stronghold | 1 | |
| Fortress | 1 | |
13 total
» build order
00:25 Barracks
00:56 Altar of Storms
01:11 Orc Burrow
01:28 War Mill
02:30 Orc Burrow
03:29 Orc Burrow
03:31 Orc Burrow
03:34 Orc Burrow
03:36 Orc Burrow
03:38 Orc Burrow
04:35 Barracks
05:07 Stronghold
09:50 Fortress
team 2 (loser)

»
Nova34 (
green | 0 APM | 0 actions | 00:04)

»
YOUBANTHAPOODOO (
red | 119 APM | 1474 actions | 12:21)
2 Tauren Chieftain
1 War Stomp
1 Endurance Aura
2 Archmage
1 Summon Water Elemental
1 Brilliance Aura
2 Mountain King
1 Storm Bolt
1 Bash
2 Dreadlord
1 Sleep
1 Vampiric Aura
» actions
| Assign group hotkey | 26 | |
| Basic commands | 37 | |
| Build / train | 69 | |
| ESC pressed | 1 | |
| Enter build submenu | 31 | |
| Enter hero's abilities submenu | 8 | |
| Right click | 558 | |
| Select / deselect | 387 | |
| Select group hotkey | 287 | |
| Use ability | 70 | |
1474 total
» units
| Peon | 6 | |
| Peasant | 12 | |
| Acolyte | 2 | |
| Ghoul | 8 | |
| Footman | 12 | |
| Grunt | 4 | |
44 total
» buildings
| Altar of Storms | 1 | |
| Barracks | 3 | |
| Orc Burrow | 2 | |
| Altar of Kings | 2 | |
| Farm | 3 | |
| Altar of Darkness | 1 | |
| Crypt | 2 | |
| Ziggurat | 5 | |
| Tomb of Relics | 1 | |
| Nerubian Tower | 5 | |
| Scout Tower | 4 | |
| Arcane Tower | 3 | |
| War Mill | 1 | |
| Halls of the Dead | 1 | |
| Graveyard | 1 | |
| Arcane Vault | 1 | |
| Watch Tower | 2 | |
| Spirit Tower | 1 | |
39 total
» build order
00:05 Altar of Storms
00:08 Barracks
00:11 Orc Burrow
00:25 Altar of Kings
00:27 Barracks
00:30 Farm
00:45 Altar of Darkness
00:47 Crypt
00:50 Ziggurat
00:53 Altar of Kings
00:56 Barracks
00:59 Farm
01:26 Tomb of Relics
02:05 Nerubian Tower
02:16 Scout Tower
02:50 Arcane Tower
03:34 Orc Burrow
04:21 Farm
04:24 Scout Tower
04:50 Ziggurat
04:51 Ziggurat
04:54 Arcane Tower
06:12 War Mill
06:39 Scout Tower
06:40 Scout Tower
08:58 Nerubian Tower
08:59 Ziggurat
08:59 Ziggurat
09:01 Halls of the Dead
09:02 Crypt
09:05 Graveyard
09:25 Arcane Vault
10:16 Watch Tower
10:18 Watch Tower
11:16 Spirit Tower
11:18 Nerubian Tower
11:19 Nerubian Tower
» items

»
AltQQNao (
yellow | 0 APM | 0 actions | 00:00)
gakuto (
orange | 0 APM | 0 actions | 00:03)
Chat log
(00:06 / All) DaShopKeeper: gg
(00:23 / All) HarrisonFord: please leave
(01:03 / All) YOUBANTHAPOODOO: i'm gonna trash you noobs
(01:10 / All) DaShopKeeper: lol
(03:20 / All) YOUBANTHAPOODOO: yeah tha'ts righ run you faggit
(03:59 / All) TheRatedR: we gonna fuck ur ass up nigga
(04:03 / All) YOUBANTHAPOODOO: not with your stats
(07:37 / All) YOUBANTHAPOODOO: so bad
(12:16 / All) YOUBANTHAPOODOO: alright good game
(12:20 / All) YOUBANTHAPOODOO: noobs